 Dungeon Crawl Stone Soup version 0.30-a0-757-ga6a79fd877 (webtiles) character file.

Game seed: 3370023654932894932

805 RapScallion the Skirmisher (level 7, 0/44 HPs)
             Began as a Tengu Hunter on Feb 9, 2023.
             Was a Believer of Uskayaw.
             Slain by Maggie
             ... wielding a +2 broad axe of flaming
              (4 damage)
             ... on level 6 of the Dungeon on Feb 10, 2023.
             The game lasted 00:19:59 (4216 turns).

RapScallion the Skirmisher (Tengu Hunter)           Turns: 4216, Time: 00:20:00

Health: 0/44       AC:  4    Str: 12    XL:     7   Next: 91%
Magic:  8/8        EV: 15    Int: 15    God:    Uskayaw [**....]
Gold:   244        SH:  5    Dex: 19    Spells: 6/6 levels left

rFire   . . .      SeeInvis .    x - +1 war axe (vamp)
rCold   . . .      Faith    .    (no shield)
rNeg    . . .      Spirit   .    c - +0 leather armour
rPois   .          Reflect  +    (helmet restricted)
rElec   .          Harm     .    y - +0 cloak
rCorr   +          Rampage  .    (no gloves)
Will    .....                    (boots unavailable)
Stlth   ++                       e - amulet of reflection
HPRegen 0.27/turn                q - ring of resist corrosion
MPRegen 0.11/turn                w - +6 ring of intelligence

@: flying quickly and evasively, mesmerised, quick
A: beak, talons 3, nimble flight
a: Renounce Religion, Stomp, Line Pass


You were on level 6 of the Dungeon.
You worshipped Uskayaw.
Uskayaw was noncommittal.
You visited 2 branches of the dungeon, and saw 7 of its levels.
You also visited: Sewer.

You collected 244 gold pieces.

Inventory:

Hand Weapons
 a - a +0 shortbow
 g - a +2 sling of electrocution
 p - a +0 falchion of freezing
 x - a +1 vampiric war axe (weapon)
Armour
 c - a +0 leather armour (worn)
 y - a +0 cloak (worn)
Jewellery
 e - an amulet of reflection (around neck)
 q - a ring of resist corrosion (left hand)
 w - a +6 ring of intelligence (right hand)
Wands
 n - a wand of charming (12)
 v - a wand of roots (15)
Scrolls
 b - 2 scrolls of immolation
 d - a scroll of vulnerability
 f - 3 scrolls of fog
 h - a scroll of torment {unknown}
 i - a scroll of magic mapping {unknown}
 k - a scroll of enchant weapon {unknown}
 l - a scroll of blinking
 o - a scroll of fear {unknown}
 s - 4 scrolls of teleportation
 u - a scroll of poison {unknown}
 E - a scroll of noise {unknown}
 G - a scroll of amnesia {unknown}
 H - a scroll of silence {unknown}
 I - a scroll of enchant armour {unknown}
Potions
 j - a potion of invisibility {unknown}
 m - 2 potions of attraction
 r - 3 potions of haste
 t - a potion of magic {unknown}
 z - 4 potions of heal wounds
 A - 3 potions of flight
 B - a potion of curing
 C - a potion of resistance {unknown}
 D - a potion of mutation {unknown}
 F - 2 potions of degeneration {unknown}


   Skills:
 - Level 5.0 Fighting
 + Level 8.8 Ranged Weapons
 - Level 2.6 Dodging
 - Level 1.6 Stealth


You had 6 spell levels left.
You didn't know any spells.
Your spell library contained the following spells:

 Spells                   Type           Power      Damage    Failure   Level
 Inner Flame              Hex/Fire       0%         N/A       71%         3
 Cause Fear               Hex            0%         N/A       98%         4
 Discord                  Hex            0%         N/A       100%        8


Dungeon Overview and Level Annotations

Branches:
Dungeon (6/15)             Temple (1/1) D:6           Sewer (visited)

Altars:
Ashenzari
Cheibriados
Elyvilon
Kikubaaqudgha
Makhleb
Qazlal
Trog
Uskayaw
Wu Jian
Zin
The Shining One

Shops:
D:2 (

Annotations:
D:6 Grinder, Maggie


Innate Abilities, Weirdness & Mutations

You have a beak for a mouth.
You have claws for feet.
Your magical nature lets you fly swiftly and evasively.


Message History

Maggie is moderately wounded.
You shoot a sling bullet. The sling bullet barely misses Maggie.
Your +2 sling of electrocution stops crackling.
You feel a sense of dread.
x - a +1 vampiric war axe (weapon)
Maggie gestures wildly while chanting.
Maggie attempts to bespell you!
You are mesmerised by Maggie!
You barely miss Maggie. Your kick misses Maggie.
Maggie is moderately wounded.
You block Maggie's attack.
You hit Maggie. You claw Maggie.
Maggie is moderately wounded.
Maggie hits you with a +2 broad axe of flaming!
Maggie burns you.
Maggie hits you with a +2 broad axe of flaming.
Maggie burns you.
You can now pass through a line of other dancers.
You closely miss Maggie. You claw Maggie, but do no damage. You peck Maggie.
You punch Maggie, but do no damage.
Maggie is heavily wounded.
Maggie hits you with a +2 broad axe of flaming!
Maggie burns you.
* * * LOW HITPOINT WARNING * * *
You cannot move away from Maggie!
Maggie is nearby!
You feel much better.
Maggie hits you with a +2 broad axe of flaming!
Maggie burns you!
* * * LOW HITPOINT WARNING * * *
You barely miss Maggie. You peck Maggie, but do no damage.
Maggie is heavily wounded.
Maggie gives herself a magical halo, but it quickly sputters out.
You block Maggie's attack. Maggie closely misses you.
You hit Maggie. Your peck misses Maggie.
Maggie is heavily wounded.
Maggie hits you with a +2 broad axe of flaming!
* * * LOW HITPOINT WARNING * * *
Maggie burns you.
You die...

### #.#
#########.#####
#.............#
#.....#######.######
+...................
#......#.####.......
#..@@....#..'.......
#......#.#.##.......
#......#.#....#'####
#......#.>..........
#....).#......#.####
#......#......#.#
#####..#......#.#
.........#.#
#.#......#.#


You could see Maggie (mesmerising).

Vanquished Creatures
  A lemure (D:4)
  2 kobold brigands (Sewer)
  3 scorpions (D:5)
  A jelly (D:6)
  A hound (D:5)
  3 orc priests
  A gnoll bouda (D:6)
  2 iguanas
  2 orc wizards
  3 gnolls (D:6)
  12 adders
  A shadow imp (D:6)
  A white imp (D:5)
  3 worms
  2 dart slugs
  13 orcs
  9 ball pythons
  5 endoplasms
  4 giant cockroaches
  3 goblins
  4 hobgoblins
  12 kobolds
  5 quokkas
  8 bats
  4 frilled lizards
  3 rats
108 creatures vanquished.

Notes
Turn   | Place    | Note
-------+----------+-------------------------------------------
     0 | D:1      | RapScallion the Tengu Hunter began the quest for the Orb.
     0 | D:1      | Reached XP level 1. HP: 12/12 MP: 2/2
    42 | D:1      | Reached XP level 2. HP: 17/17 MP: 3/3
   306 | D:1      | Reached XP level 3. HP: 22/22 MP: 4/4
   715 | D:2      | Found Yvone's Antique Weapon Emporium.
  1190 | D:2      | Reached skill level 5 in Ranged Weapons
  1523 | D:3      | Reached XP level 4. HP: 27/27 MP: 5/5
  1903 | D:4      | Noticed a lemure
  1908 | D:4      | Killed a lemure
  2083 | D:4      | Noticed a lemure
  2084 | D:4      | Noticed a lemure
  2084 | D:4      | Noticed a lemure
  2087 | D:5      | Entered Level 5 of the Dungeon
  2118 | D:5      | Gained mutation: Your magical nature lets you fly swiftly
                  | and evasively. [Tengu growth]
  2118 | D:5      | Reached XP level 5. HP: 32/32 MP: 6/6
  2158 | D:5      | Reached skill level 6 in Ranged Weapons
  2158 | D:5      | Reached XP level 6. HP: 21/38 MP: 7/7
  2533 | D:5      | Found a glowing drain.
  2552 | D:5      | Reached skill level 5 in Fighting
  2557 | Sewer    | Entered a sewer
  2607 | Sewer    | Reached XP level 7. HP: 33/44 MP: 8/8
  2731 | Sewer    | Reached skill level 7 in Ranged Weapons
  3441 | D:6      | Reached skill level 8 in Ranged Weapons
  3498 | D:6      | Found a staircase to the Ecumenical Temple.
  3507 | Temple   | Entered the Ecumenical Temple
  3677 | Temple   | Became a worshipper of Uskayaw the Reveller
  3717 | D:6      | Noticed Grinder
  3742 | D:6      | Paralysed by Grinder for 4 turns
  3742 | D:6      | Reached * piety under Uskayaw
  3790 | D:6      | Reached ** piety under Uskayaw
  4115 | D:6      | Noticed Maggie
  4216 | D:6      | Slain by Maggie

Illustrated notes

Levels and vault maps discovered:
D:1:      minmay_arrival_semitransparent, layout_rooms, kennysheep_another_room,
          nicolae_concentric_dashed_squares_mild, chequers_serial_rivers_room_b
D:2:      layout_loops_ring, serial_shops, nicolae_shop_overgrown_old_shop,
          nicolae_figureground_pulse
D:3:      layout_rooms
D:4:      cheibrodos_helix_gallery, layout_loops_ring, guppyfry_early_orc_mine,
          uniq_blork_the_orc, uniq_pikel
D:5:      layout_cave_pools, gup_sewer_entry_glass
D:6:      layout_basic, minmay_temple_entry_junction_2, uniq_maggie,
          uniq_grinder
Temple:   mainiacjoe_temple_cubbyholes

Skill      XL: |  1  2  3  4  5  6  7 |
---------------+----------------------+-----
Ranged Weapons | 5 6 8 |  8.8
Fighting       | 3 4 5 |  5.0
Dodging        | |  2.6
Stealth        | |  1.6

Action                     |  1- 3 |  4- 6 |  7- 9 || total
---------------------------+-------+-------+-------++-------
  Melee: War axe           |       |     5 |     5 ||    10
         Kick              |       |     2 |     2 ||     4
         Peck              |       |     1 |     2 ||     3
         Punch             |       |       |     1 ||     1
   Fire: Shortbow          |    44 |       |       ||    44
         Sling             |    46 |   107 |   106 ||   259
    Use: Scroll            |     1 |     1 |     7 ||     9
         Potion            |       |       |     1 ||     1
 Armour: Leather armour    |     9 |    16 |     4 ||    29
  Dodge: Dodged            |    18 |    38 |    13 ||    69
  Block: Other             |     3 |    10 |     4 ||    17
         Reflection        |       |       |     1 ||     1

Table legend: (Time is in decaauts)
 A = Elapsed time spent in this place.
 B = Non-inter-level travel time spent in this place.
 C = Inter-level travel time spent in this place.
 D = Time resting spent in this place.
 E = Time spent auto-exploring this place.
 F = Levels seen in this place.
 G = Mean time per level.
                   A        B        C        D        E       F      G
               +--------+--------+--------+--------+--------+-----+--------+
         Total |   4148 |   4019 |    129 |    740 |   1676 |   8 |  518.5 |
       Dungeon |   3441 |   3338 |    103 |    513 |   1510 |   6 |  573.5 |
        Temple |    182 |    156 |     26 |      0 |    147 |   1 |  182.0 |
         Sewer |    525 |    525 |      0 |    227 |     18 |   1 |  525.0 |
               +--------+--------+--------+--------+--------+-----+--------+

Top non-repeatable levels by time:
     D:5: 882 daAuts
     D:2: 864 daAuts
     D:1: 665 daAuts
   Sewer: 525 daAuts
     D:6: 443 daAuts
     D:3: 411 daAuts
  Temple: 182 daAuts
     D:4: 175 daAuts
